 Dungeon Crawl Stone Soup version 0.31-a0-175-g9f7f995f2b (webtiles) character file.

Game seed: 4212107304333630214

128 qw the Shooter (level 5, -4/32 HPs)
             Began as a Gargoyle Hunter on June 17, 2023.
             Slain by Sigmund
             ... wielding a +0 scythe
              (9 damage)
             ... on level 3 of the Dungeon.
             The game lasted 00:00:48 (1857 turns).

qw the Shooter (Gargoyle Hunter)                    Turns: 1857, Time: 00:00:49

Health: -4/32      AC:  7    Str: 14    XL:     5   Next: 11%
Magic:  5/5        EV: 11    Int: 10    God:
Gold:   113        SH:  0    Dex: 15    Spells: 4/4 levels left

rFire   . . .        Y - +1 shortbow
rCold   . . .        (shield currently unavailable)
rNeg    + . .        c - +0 leather armour
rPois   inf          (no helmet)
rElec   +            (no cloak)
rCorr   .            (no gloves)
SInv    .            (no boots)
Will    .....        (no amulet)
Stlth   ++           (no ring)
HPRegen 0.25/turn    (no ring)
MPRegen 0.09/turn

%: no passive effects
@: no status effects
A: sickness immunity, AC +4, negative energy resistance 1, electricity
resistance, torment resistance 1, petrification resistance
a: no special abilities


You were on level 3 of the Dungeon.
You visited 1 branch of the dungeon, and saw 3 of its levels.

You collected 113 gold pieces.


Innate Abilities, Weirdness & Mutations

You are immune to sickness and miasma.
Your stone body is resilient. (AC +4)
You are immune to poison.
You resist negative energy. (rN+)
You are resistant to electric shocks. (rElec)
You are resistant to unholy torment.
You are immune to petrification.


   Skills:
 + Level 3.0 Fighting
 - Level 6.0 Ranged Weapons
 - Level 1.5 Dodging
 - Level 1.1 Stealth


You had 4 spell levels left.
You didn't know any spells.
Your spell library was empty.

Inventory:

Hand Weapons
 Y - a +1 shortbow (weapon)
Armour
 c - a +0 leather armour (worn)
 f - a +0 ring mail
Scrolls
 d - a scroll of enchant armour
 g - 2 scrolls of identify
 h - a scroll of revelation {unknown}
Potions
 a - a potion of invisibility {unknown}
 b - a potion of brilliance {unknown}
 e - a potion of cancellation {unknown}
 i - a potion of heal wounds {unknown}
 j - a potion of ambrosia {unknown}

Dungeon Overview and Level Annotations

Branches:
Dungeon (3/15)

Altars:
Makhleb
Zin

Annotations:
D:3 Sigmund


Message History

You shoot an arrow. The arrow closely misses the orc.
Sigmund flickers, as though insubstantial.
The orc wizard gestures wildly while chanting.
The orc wizard flickers and vanishes!
Deactivating autopickup; reactivate with Ctrl-A.
The orc hits you with a +0 mace. The orc closely misses you.
You shoot an arrow. The arrow hits the orc.
The orc is lightly wounded.
The orc hits you but does no damage. The orc closely misses you.
You shoot an arrow. The arrow barely misses the orc.
The orc hits you with a +0 mace. The orc barely misses you.
You shoot an arrow.
The arrow hits the orc but does no damage.
The orc is lightly wounded.
Sigmund barely misses you. The orc barely misses you.
The orc hits you with a +0 hand axe.
You shoot an arrow.
The arrow hits the orc but does no damage.
The orc is lightly wounded.
The orc completely misses you.
Sigmund casts a spell.
Sigmund flickers and vanishes!
You shoot an arrow. The arrow hits the orc.
The orc is heavily wounded.
The orc barely misses you. Something hits you.
You shoot an arrow. The arrow hits the orc.
You kill the orc!
The orc completely misses you. Something hits you but does no damage.
Your Ranged Weapons skill increases to level 6!
You shoot an arrow. The arrow hits the orc.
The orc is moderately wounded.
Something hits you! The orc hits you but does no damage.
Something hits you but does no damage. The orc hits you but does no damage.
Something hits you but does no damage.
You shoot an arrow. The arrow barely misses the orc.
Something hits you. The orc hits you with a +0 mace. Something hits you.
You shoot an arrow. The arrow hits the orc.
You kill the orc!
Something hits you!
You die...

.# #?..# .# #...# ...
##########.######..#
....##.#........#..
###.#.#..#....#.#.#
...........#.#..#.#
.##.#......#....{.####.#
....#........##).).....#
.##.#.###..####.@#
....>............#
.##.#...###...##.#######
.####...###..###.......#
## ###+)#.#### #..####.#
####.....### ##..####.#
##A#_..[_#2# #.....##.#
####.....### ##..#.##.#
# ###'..# ##.#.##.#


There were no monsters in sight!

Vanquished Creatures
  An iguana (D:3)
  2 adders
  2 worms (D:3)
  4 dart slugs (D:1)
  2 orcs (D:3)
  5 endoplasms
  3 giant cockroaches
  5 goblins
  4 hobgoblins
  7 jackals
  5 kobolds
  3 quokkas
  6 ball pythons
  5 bats
  6 frilled lizards
  5 rats
65 creatures vanquished.

Notes
Turn   | Place    | Note
-------+----------+-------------------------------------------
     0 | D:1      | qw the Gargoyle Hunter began the quest for the Orb.
     0 | D:1      | Reached XP level 1. HP: 12/12 MP: 1/1
     0 | D:1      | 0 ||| qw: Version: 0.3-a-2-g5ab2908
     0 | D:1      | 0 ||| qw: Game counter: 141
     0 | D:1      | 0 ||| qw: Always use a shield: true
     0 | D:1      | 0 ||| qw: God list: Okawaru
     0 | D:1      | 0 ||| qw: Allow faded altars: false
     0 | D:1      | 0 ||| qw: Do Orc after D:15 true
     0 | D:1      | 0 ||| qw: Do second Lair branch before Depths: true
     0 | D:1      | 0 ||| qw: Lair rune preference: random
     0 | D:1      | 0 ||| qw: Plans: Normal, Zot:1-4, Slime:5, God:TSO, Crypt,
                  | Tomb, Abyss, Pan, Hells, Win
     0 | D:1      | 0 ||| PLANNING D:1-11
   135 | D:1      | Reached XP level 2. HP: 17/17 MP: 2/2
   289 | D:1      | Reached XP level 3. HP: 21/21 MP: 3/3
   349 | D:1      | Reached skill level 5 in Ranged Weapons
   599 | D:1      | 599 ||| READING scroll labelled CYAKAWN QIGEY.
   600 | D:1      | 600 ||| READING scroll labelled UGYOPR YGAR.
   601 | D:1      | 601 ||| DROPPING scroll of butterflies.
   844 | D:2      | Reached skill level 3 in Fighting
   941 | D:2      | Reached XP level 4. HP: 28/28 MP: 4/4
  1394 | D:2      | 1394 ||| READING scroll labelled PIVUN ITHRAG.
  1398 | D:2      | 1398 ||| READING scroll labelled VEUTISUUGO.
  1399 | D:2      | 1399 ||| READING scroll labelled GOYJOP ROWK.
  1514 | D:3      | 1514 ||| FLEEEEING.
  1645 | D:3      | Found a burning altar of Makhleb.
  1646 | D:3      | Noticed a cacodemon
  1664 | D:3      | Found a faded altar of an unknown god.
  1763 | D:3      | Found a glowing silver altar of Zin.
  1763 | D:3      | Noticed an angel
  1777 | D:3      | Reached XP level 5. HP: 32/32 MP: 5/5
  1846 | D:3      | Noticed Sigmund
  1855 | D:3      | Reached skill level 6 in Ranged Weapons
  1856 | D:3      | HP: 8/32 [orc/+0 mace (5)]
  1857 | D:3      | Slain by Sigmund

Levels and vault maps discovered:
D:1:      evilmike_arrival_crescent, layout_loops_ring, serial_rivers,
          chequers_serial_rivers_room_b, chequers_serial_rivers_small_b,
          chequers_serial_rivers_micro_b, chequers_serial_rivers_room_b,
          chequers_serial_rivers_micro_d, chequers_serial_rivers_marsh
D:2:      layout_basic
D:3:      layout_loops_cross, grunt_temple_overflow_order_and_chaos_2,
          basic_ecumenical_altar, uniq_sigmund

Skill      XL: |  1  2  3  4  5 |
---------------+----------------+-----
Ranged Weapons | 5 6 |  6.0
Fighting       | 3 |  3.0
Dodging        | |  1.5
Stealth        | |  1.1

Action                     |  1- 3 |  4- 6 || total
---------------------------+-------+-------++-------
   Fire: Shortbow          |   113 |    74 ||   187
    Use: Scroll            |     2 |     3 ||     5
 Armour: Leather armour    |    17 |    17 ||    34
  Dodge: Dodged            |    34 |    10 ||    44

Table legend:
 A = Non-vault XP
 B = Vault XP
 C = Vault XP percentage of total XP
 D = Non-vault monster count
 E = Vault monster count
 F = Vault count percentage of total count
                 A         B        C        D         E       F
            +---------+---------+-------+---------+---------+-------
      Total |     186 |       0 |   0.0 |      65 |       0 |   0.0
            +---------+---------+-------+---------+---------+-------
        D:1 |      47 |       0 |   0.0 |      24 |       0 |   0.0
        D:2 |      47 |       0 |   0.0 |      21 |       0 |   0.0
        D:3 |      92 |       0 |   0.0 |      20 |       0 |   0.0
            +---------+---------+-------+---------+---------+-------
